 Dungeon Crawl Stone Soup version 0.20.1-1-g8b1a95d (webtiles) character file.

4664 HessuHobo the Cleaver (level 10, -4/86 HPs)
             Began as a Minotaur Fighter on Oct 26, 2017.
             Slain by an orc warlord
             ... wielding a +2 battleaxe of electrocution
              (23 damage)
             ... on level 1 of the Orcish Mines.
             The game lasted 00:21:03 (6425 turns).

HessuHobo the Cleaver (Minotaur Fighter)            Turns: 6425, Time: 00:21:04

Health: -4/86      AC: 11    Str: 23    XL:     10   Next: 20%
Magic:  9/9        EV: 10    Int:  5    God:
Gold:   813        SH: 13    Dex: 11    Spells: 9/9 levels left

rFire    . . .     SeeInvis .   a - +1 war axe
rCold    + + .     Gourm    .   c - +0 shield
rNeg     . . .     Faith    .   r - +4 ring mail {rC+}
rPois    .         Spirit   .   (helmet restricted)
rElec    .         Reflect  +   (no cloak)
rCorr    .         Harm     .   g - +0 pair of gloves
MR       .....                  (no boots)
Stlth    +.........             q - +4 amulet of reflection
Regen    0.3/turn               d - ring of protection from cold
MPRegen  0.2/turn               (no ring)

@: no status effects
A: retaliatory headbutt, horns 2
a: no special abilities


You were on level 1 of the Orcish Mines.
You were very full.

You visited 2 branches of the dungeon, and saw 11 of its levels.

You collected 813 gold pieces.

Inventory:

Hand Weapons
 a - a +1 war axe (weapon)
Armour
 c - a +0 shield (worn)
 g - a +0 pair of gloves (worn)
 r - a +4 ring mail of cold resistance (worn)
Jewellery
 d - a ring of protection from cold (left hand)
 q - a +4 amulet of reflection (around neck)
 w - a cursed ring of loudness
 x - an uncursed ring of positive energy {unknown}
 y - an uncursed ring of see invisible {unknown}
 A - an uncursed amulet of harm {unknown}
Wands
 h - a wand of disintegration (23/24)
 p - a wand of disintegration (17/24)
 B - a wand of polymorph (12/24)
Scrolls
 b - 5 scrolls of remove curse
 e - 2 scrolls of teleportation
 k - a scroll of identify
 C - a scroll of enchant weapon
Books
 m - a book of Minor Magic

   Spells                             Type                      Level
   a - Magic Dart                     Conjuration                  1
   b - Blink                          Translocation                2
   c - Call Imp                       Summoning                    2
   d - Slow                           Hexes                        2
   e - Conjure Flame                  Conjuration/Fire             3
   f - Mephitic Cloud                 Conjuration/Poison/Air       3
 o - a Young Poisoner's Handbook

   Spells                             Type                      Level
   a - Sting                          Conjuration/Poison           1
   b - Poisonous Vapours              Poison/Air                   2
   c - Mephitic Cloud                 Conjuration/Poison/Air       3
   d - Olgreb's Toxic Radiance        Poison                       4
   e - Venom Bolt                     Conjuration/Poison           5
 s - a book of Changes

   Spells                             Type                      Level
   a - Beastly Appendage              Transmutation                1
   b - Sticks to Snakes               Transmutation                2
   c - Spider Form                    Transmutation/Poison         3
   d - Ice Form                       Ice/Transmutation            4
   e - Blade Hands                    Transmutation                5
 t - a book of Power

   Spells                             Type                      Level
   a - Iskenderun's Battlesphere      Conjuration/Charms           5
   b - Venom Bolt                     Conjuration/Poison           5
   c - Bolt of Magma                  Conjuration/Fire/Earth       5
   d - Iron Shot                      Conjuration/Earth            6
   e - Orb of Destruction             Conjuration                  7
   f - Spellforged Servitor           Conjuration/Summoning        7
 z - a book of Misfortune

   Spells                             Type                      Level
   a - Confusing Touch                Hexes                        1
   b - Confuse                        Hexes                        3
   c - Gell's Gravitas                Translocation                3
   d - Petrify                        Transmutation/Earth          4
   e - Metabolic Englaciation         Hexes/Ice                    5
   f - Yara's Violent Unravelling     Hexes/Transmutation          5
Comestibles
 f - 3 bread rations
 l - 5 fruits
 n - 2 royal jellies
 u - 2 meat rations


   Skills:
 + Level 7.5 Fighting
 * Level 14.6 Axes
 + Level 6.3 Armour
 - Level 3.4 Dodging
 - Level 1.0 Stealth
 - Level 3.6 Shields


You had 9 spell levels left.
You didn't know any spells.

Dungeon Overview and Level Annotations

Branches:
Dungeon (9/15)                Orc (2/2) D:9
 Temple: D:4-7         Lair: D:8-11         Elf: Orc:2

Altars:
Ashenzari
Cheibriados
Dithmenos
Elyvilon
Fedhas
Nemelex Xobeh
Qazlal
Vehumet
Xom
Yredelemnul
The Shining One

Shops:
D:6 [

Annotations:
D:8 1 exclusion


Innate Abilities, Weirdness & Mutations

You reflexively headbutt those who attack you in melee.
You have a pair of horns on your head.


Message History

You hit the orc warlord but do no damage.
The orc warlord is moderately wounded.
You hit the orc warlord.
The orc warlord is moderately wounded.
The orc warlord hits you with a battleaxe of electrocution!!
You hit the orc warlord but do no damage.
Your headbutt misses the orc warlord.
The orc warlord is moderately wounded.
The orc warlord hits you with a battleaxe of electrocution!!
* * * LOW HITPOINT WARNING * * *
You barely miss the orc warlord.
You headbutt the orc warlord, but do no damage.
The orc warlord is moderately wounded.
You hit the orc warlord.
The orc warlord is moderately wounded.
You block the orc warlord's attack.
You hit the orc warlord.
The orc warlord is heavily wounded.
The orc warlord hits you with a battleaxe of electrocution!!
You die...

########## ######
######....#...## ###.##.##
##.##...........# ##.......#
#...............###........##
#...........#....#..........#
##.o...........o@.......##.##
###<#........[).......#####
#####......[>....#...#
#.........).####.##
##..........###..##
##.##..#.....#....#
#.............#..##
##.........#...####
#....#...####.##


You could see an orc warlord.

Vanquished Creatures
  A two-headed ogre (D:9)
  An orc sorcerer (Orc:1)
  Prince Ribbit (D:5)
  2 hippogriffs
  A vampire (D:9)
  2 ice beasts
  3 orc warriors
  2 sky beasts
  5 ogres
  2 centaurs
  Blork the orc (D:5)
  4 bullfrogs
  2 scorpions
  4 killer bees (D:7)
  3 wights (D:9)
  2 crimson imps
  2 centaur zombies
  2 hounds
  2 orc priests
  7 orc wizards
  3 iguanas
  6 worker ants
  A killer bee zombie (D:8)
  2 hound skeletons
  Robin (D:3)
  5 adders
  6 shadow imps
  2 oozes
  An adder skeleton (D:9)
  A worm (D:2)
  3 dart slugs
  3 leopard geckos
  19 orcs
  3 ball pythons
  8 bats
  8 giant cockroaches
  6 hobgoblins
  7 jackals
  4 kobolds
  8 quokkas
  6 frilled lizards
  17 goblins
  A leopard gecko zombie (D:8)
  A quokka skeleton (D:4)
  5 rats
176 creatures vanquished.

Vanquished Creatures (others)
  A centaur (D:8)
1 creature vanquished.

Grand Total: 177 creatures vanquished

Notes
Turn   | Place    | Note
-------+----------+-------------------------------------------
     0 | D:1      | HessuHobo the Minotaur Fighter began the quest for the Orb.
     0 | D:1      | Reached XP level 1. HP: 19/19 MP: 0/0
   107 | D:1      | Reached XP level 2. HP: 20/27 MP: 1/1
   754 | D:1      | Reached skill level 3 in Axes
   754 | D:1      | Reached XP level 3. HP: 33/33 MP: 2/2
  1100 | D:2      | Found a white marble altar of Elyvilon.
  1699 | D:3      | Reached XP level 4. HP: 41/41 MP: 3/3
  1949 | D:3      | Reached skill level 4 in Axes
  2029 | D:3      | Noticed Robin
  2052 | D:3      | Killed Robin
  2524 | D:4      | Reached XP level 5. HP: 47/47 MP: 4/4
  2530 | D:4      | Reached skill level 5 in Axes
  2858 | D:4      | Found a basalt altar of Yredelemnul.
  2921 | D:4      | Found a shimmering altar of Xom.
  3033 | D:5      | Entered Level 5 of the Dungeon
  3033 | D:5      | Noticed an ice beast
  3036 | D:5      | Killed an ice beast
  3036 | D:5      | Reached skill level 6 in Axes
  3036 | D:5      | Reached XP level 6. HP: 53/53 MP: 5/5
  3038 | D:5      | Noticed Blork the orc
  3040 | D:5      | Noticed Prince Ribbit
  3044 | D:5      | Killed Blork the orc
  3048 | D:5      | Reached skill level 7 in Axes
  3052 | D:5      | Killed Prince Ribbit
  3052 | D:5      | Reached skill level 8 in Axes
  3052 | D:5      | Reached skill level 5 in Armour
  3052 | D:5      | Reached XP level 7. HP: 44/60 MP: 6/6
  3127 | D:5      | Found a radiant altar of Vehumet.
  3278 | D:6      | Reached skill level 5 in Fighting
  3457 | D:6      | Reached skill level 9 in Axes
  3634 | D:6      | Reached XP level 8. HP: 52/68 MP: 7/7
  3677 | D:6      | Reached skill level 10 in Axes
  3758 | D:6      | Found a snail-covered altar of Cheibriados.
  3762 | D:6      | Reached skill level 1 in Dodging
  4109 | D:6      | Found a shadowy altar of Dithmenos.
  4162 | D:6      | Found Iwuczi's Armour Boutique.
  4360 | D:7      | Reached skill level 11 in Axes
  4383 | D:7      | Found a blossoming altar of Fedhas.
  4403 | D:7      | Found a stormy altar of Qazlal.
  4511 | D:7      | Found a sparkling altar of Nemelex Xobeh.
  4947 | D:7      | Found a glowing golden altar of the Shining One.
  5046 | D:8      | Reached skill level 12 in Axes
  5082 | D:8      | Reached XP level 9. HP: 70/75 MP: 8/8
  5350 | D:8      | Reached skill level 13 in Axes
  5723 | D:9      | Found a shattered altar of Ashenzari.
  5855 | D:9      | Noticed a two-headed ogre
  5861 | D:9      | Killed a two-headed ogre
  5861 | D:9      | Reached skill level 14 in Axes
  5861 | D:9      | Reached XP level 10. HP: 82/86 MP: 9/9
  5927 | D:9      | Found a staircase to the Orcish Mines.
  5932 | Orc:1    | Entered Level 1 of the Orcish Mines
  5937 | Orc:1    | Noticed an orc sorcerer
  5943 | Orc:1    | Noticed an orange demon
  5946 | Orc:1    | Killed an orc sorcerer
  5946 | Orc:1    | Reached skill level 1 in Stealth
  6235 | Orc:2    | Entered Level 2 of the Orcish Mines
  6235 | Orc:2    | Noticed an orc warlord
  6235 | Orc:2    | Noticed an orc sorcerer
  6425 | Orc:1    | Slain by an orc warlord

Skill      XL: |  1  2  3  4  5  6  7  8  9 10 |
---------------+-------------------------------+-----
Fighting       | 4 5 7 |  7.5
Armour         | 4 5 6 |  6.3
Axes           | 3 4 6 8 9 12 14 | 14.6
Dodging        | 2 3 |  3.4
Stealth        | 1 |  1.0
Shields        | |  3.6

Action                   |  1- 3 |  4- 6 |  7- 9 | 10-12 || total
-------------------------+-------+-------+-------+-------++-------
Melee: War axe           |   118 |   109 |   265 |    44 ||   536
       Headbutt          |    15 |     8 |    44 |    15 ||    82
  Use: Scroll            |     5 |     3 |     9 |     2 ||    19
       Potion            |       |     8 |     6 |     3 ||    17
  Eat: Chunk             |     2 |       |       |       ||     2
       Meat ration       |     1 |       |       |       ||     1
       Bread ration      |       |       |     3 |     1 ||     4
Armor: Scale mail        |    30 |       |       |       ||    30
       Chain mail        |    34 |    62 |     4 |       ||   100
       Ring mail         |       |       |    61 |     7 ||    68
       Skin              |       |       |     3 |       ||     3
Dodge: Dodged            |    36 |    22 |    55 |     5 ||   118
Block: Shield            |    58 |    81 |   155 |    22 ||   316
       Reflection        |       |       |    13 |       ||    13
